AoeStats
← BonzerJaguar158

Black Forest

509519078Analyzed
4v4 RM · 3d ago on Sep 27, 2026· 87m 15s· 8 players
Game mode
Random Map
Map size
Large (8 player)
Population
200
Speed
Normal
Resources
Standard
Victory
Conquest
Starting age
Dark Age
Ending age
Imperial Age
RankedLock teamsTeams togetherTeam positionsShared explorationLock speedFull tech treeHidden civsTurbo modeCheats
Victory
Defeat
🇺🇸 Armenians · United States
655
+18
🇺🇸 Dravidians · United States
641
+18
🇪🇨 Teutons · Ecuador
639
+18
🇨🇴 Bohemians · Colombia
513
+24
🇨🇱 Turks · Chile
719
-20
🇧🇷 Poles · Brazil
706
-20
🇺🇸 Malians · United States
696
-20
🇨🇱 Byzantines · Chile
646
-18
CaptainKruschel
0:51 Loom
13:46 Feudal Age
14:22 Double-Bit Axe
14:23 Horse Collar
15:22 Wheelbarrow
14:47 Gold Mining
19:42 Stone Mining
26:12 Castle Age
26:27 Fletching
26:39 Padded Archer Armor
26:46 Scale Barding Armor
26:53 Forging
28:14 Heavy Plow
28:50 Husbandry
31:51 Bodkin Arrow
32:13 Leather Archer Armor
32:44 Medical Corps
33:03 Caravan
35:42 Iron Casting
36:50 Bow Saw
37:24 Thumb Ring
38:51 Ballistics
38:58 Chain Barding Armor
42:16 Imperial Age
43:13 Elite Elephant Archer
44:15 Bracer
45:33 Chemistry
45:18 Siege Elephant
47:41 Ring Archer Armor
48:13 Blast Furnace
48:05 Hand Cart
75:39 Wootz Steel
Trallcarlos
0:28 Loom
11:36 Feudal Age
14:52 Double-Bit Axe
18:36 Gold Mining
24:13 Castle Age
22:05 Horse Collar
30:40 Imperial Age
31:06 Wheelbarrow
30:33 Fletching
30:54 Forging
34:41 Chemistry
34:02 Ballistics
33:36 Man-at-Arms
35:04 Heavy Plow
35:01 Bodkin Arrow
35:06 Padded Archer Armor
36:10 Conscription
35:37 Long Swordsman
36:22 Stone Mining
38:12 Cavalier
39:02 Bloodlines
39:47 Iron Casting
39:12 Scale Mail Armor
41:34 Hand Cart
41:05 Town Watch
43:29 Scale Barding Armor
44:24 Blast Furnace
43:39 Chain Mail Armor
43:25 Padded Archer Armor
44:32 Town Patrol
45:13 Paladin
46:16 Chain Barding Armor
47:20 Fortified Wall
47:16 Siege Engineers
49:32 Crenellations
51:04 Pikeman
51:07 Two-Handed Swordsman
51:32 Gambesons
51:48 Squires
51:33 Arson
52:28 Leather Archer Armor
52:43 Plate Mail Armor
52:49 Plate Barding Armor
52:31 Elite Teutonic Knight
53:32 Ironclad
55:03 Crop Rotation
55:10 Ring Archer Armor
55:00 Champion
55:02 Halberdier
61:41 Bow Saw
68:12 Two-Man Saw
67:33 Masonry
67:44 Bombard Tower
67:17 Guard Tower
67:35 Arrowslits
68:44 Caravan
69:26 Stone Shaft Mining
76:04 Capped Ram
Caligula
0:37 Loom
18:50 Feudal Age
19:15 Horse Collar
20:13 Wheelbarrow
19:58 Double-Bit Axe
21:17 Town Watch
31:44 Castle Age
32:36 Bow Saw
37:51 Hand Cart
37:39 Town Patrol
40:30 Heavy Plow
41:31 Caravan
47:56 Imperial Age
46:53 Coinage
49:13 Chemistry
49:36 Two-Man Saw
48:51 Murder Holes
49:08 Masonry
49:40 Elite Hussite Wagon
50:41 Conscription
51:13 Wagenburg Tactics
50:39 Sappers
51:17 Hussite Reforms
53:42 Guilds
54:03 Banking
55:44 Houfnice
56:21 Pikeman
57:02 Squires
58:28 Architecture
59:36 Husbandry
58:57 Light Cavalry
60:02 Scale Barding Armor
59:57 Scale Mail Armor
60:08 Forging
59:59 Padded Archer Armor
62:33 Halberdier
62:33 Man-at-Arms
63:00 Arson
62:45 Cavalier
66:00 Chain Barding Armor
65:56 Chain Mail Armor
66:17 Iron Casting
65:32 Fletching
65:57 Leather Archer Armor
66:10 Bombard Tower
65:40 Guard Tower
66:35 Long Swordsman
70:13 Blast Furnace
69:44 Plate Mail Armor
70:20 Two-Handed Swordsman
72:04 Keep
73:15 Bodkin Arrow
73:09 Heavy Scorpion
73:42 Capped Ram
77:47 Champion
78:54 Onager
AnarchistOwl
0:51 Loom
15:18 Feudal Age
15:52 Man-at-Arms
17:20 Scale Mail Armor
18:03 Forging
17:19 Long Swordsman
18:39 Arson
22:15 Fletching
23:05 Town Watch
24:01 Stone Mining
24:52 Wheelbarrow
25:40 Double-Bit Axe
25:46 Gold Mining
32:40 Castle Age
33:25 Horse Collar
35:20 Hand Cart
38:51 Two-Handed Swordsman
41:27 Bow Saw
42:00 Heavy Plow
43:43 Gold Shaft Mining
42:55 Pikeman
44:40 Chain Mail Armor
46:13 Iron Casting
45:19 Halberdier
47:10 Champion
47:36 Gambesons
47:51 Squires
52:55 Imperial Age
51:16 Bodkin Arrow
53:59 Bracer
55:22 Ballistics
56:04 Chemistry
56:21 Conscription
56:51 Town Patrol
57:42 Plate Mail Armor
58:12 Blast Furnace
59:06 Hoardings
58:53 Murder Holes
58:41 Treadmill Crane
59:17 Heavy Scorpion
59:39 Elite Composite Bowman
60:55 Masonry
60:57 Fortified Wall
65:17 Capped Ram
66:41 Siege Ram
72:51 Onager
74:07 Herbal Medicine
80:14 Fortified Wall
80:46 Bombard Tower
80:16 Guard Tower
Jacobzl
20:24 Feudal Age
38:05 Horse Collar
38:13 Double-Bit Axe
41:43 Castle Age
50:26 Imperial Age
48:46 Squires
48:07 Pikeman
48:35 Arson
55:07 Halberdier
62:06 Chemistry
63:36 Caravan
65:29 Onager
73:07 Wheelbarrow
72:27 Gold Mining
BonzerJaguar158
13:01 Feudal Age
11:17 Loom
17:03 Castle Age
16:51 Double-Bit Axe
16:52 Horse Collar
19:08 Fletching
20:12 Wheelbarrow
22:33 Man-at-Arms
23:39 Bodkin Arrow
26:55 Forging
28:18 Husbandry
34:47 Imperial Age
34:47 Scale Barding Armor
34:49 Padded Archer Armor
35:11 Gold Mining
35:14 Stone Mining
35:28 Heavy Plow
35:41 Bow Saw
39:14 Two-Man Saw
38:32 Hand Cart
38:59 Ballistics
38:36 Murder Holes
38:52 Masonry
38:23 Treadmill Crane
38:54 Fortified Wall
39:21 Bloodlines
38:35 Heavy Camel Rider
39:35 Heated Shot
42:28 Iron Casting
42:15 Chain Barding Armor
42:36 Architecture
43:05 Artillery
44:28 Conscription
44:51 Hoardings
46:33 Elite Janissary
72:16 Coinage
71:57 Guilds
71:47 Caravan
71:54 Cavalier
78:33 Scale Mail Armor
79:34 Blast Furnace
Zukomazi
0:27 Loom
Z3rdn4
0:58 Loom
14:58 Feudal Age
18:07 Double-Bit Axe
18:04 Horse Collar
18:17 Gold Mining
20:14 Wheelbarrow
25:55 Castle Age
24:30 Man-at-Arms
25:13 Fletching
25:34 Arson
26:32 Forging
27:04 Heavy Plow
27:21 Stone Mining
28:51 Bow Saw
28:43 Town Watch
29:16 Elite Skirmisher
30:09 Bloodlines
29:21 Light Cavalry
31:21 Hand Cart
34:17 Caravan
38:00 Imperial Age
36:12 Szlachta Privileges
38:06 Iron Casting
37:27 Bodkin Arrow
37:38 Scale Barding Armor
39:10 Conscription
38:57 Squires
38:58 Long Swordsman
41:23 Crop Rotation
42:28 Padded Archer Armor
42:56 Masonry
43:09 Ballistics
42:31 Treadmill Crane
42:48 Murder Holes
43:37 Chain Barding Armor
45:23 Blast Furnace
44:24 Bracer
44:43 Leather Archer Armor
45:15 Fortified Wall
46:51 Chemistry
46:37 Hoardings
46:53 Scale Mail Armor
47:40 Bombard Tower
47:42 Husbandry
47:03 Cavalier
49:58 Chain Mail Armor
49:06 Two-Handed Swordsman
49:39 Pikeman
50:30 Thumb Ring
49:46 Crossbowman
50:24 Champion
52:01 Plate Mail Armor
53:20 Lechitic Legacy
54:04 Winged Hussar
58:09 Elite Obuch
71:52 Arbalester
87:32 Town Patrol
Connection lost

Rejoining the realm…

Still unreachable

The connection could not be restored.

Session expired

The server has moved on; the page needs a fresh start.